 Dungeon Crawl Stone Soup version 0.22-a0-224-g8cf3520 (webtiles) character file.

423384 Amnesiac the Messiah (level 23, -4/200 HPs)
             Began as a Hill Orc Monk on Feb 19, 2018.
             Was the Champion of Beogh.
             Hit by a large rock thrown by a stone giant (18 damage)
             ... on level 1 of the Depths.
             The game lasted 02:23:37 (53562 turns).

Amnesiac the Messiah (Hill Orc Monk)               Turns: 53562, Time: 02:23:38

Health: -4/200     AC: 40    Str: 27    XL:     23   Next: 41%
Magic:  0/39       EV: 21    Int: 10    God:    Beogh [******]
Gold:   2810       SH: 29    Dex: 35    Spells: 22/22 levels left

rFire    + + +     SeeInvis +   k - +4 eveningstar (chaos)
rCold    + + +     Gourm    .   J - +4 large shield "Barch" {rC+ rN+ MR+}
rNeg     + + .     Faith    .   p - +6 gold dragon scales
rPois    +         Spirit   +   g - +2 hat of the Bear Spirit {Spirit, +Rage rN+ MR++}
rElec    +         Reflect  +   t - +2 cloak of Action {+Fly rC+ Int+2}
rCorr    .         Harm     .   i - +3 pair of gloves of the Past {-Cast Dex+5 Slay+3}
MR       +++..     NoCast   +   D - +2 pair of boots {Stlth+}
Stlth    ..........             f - +3 amulet of reflection
HPRegen  0.00/turn              z - ring of Joeh Ytah {rF++ MR- Str+3 Dex+8 SInv}
MPRegen  0.26/turn              l - ring of the Immovable Queens {Dex+4 Stlth+}

@: agile
A: walk on water, rugged brown scales 1, dopey 1, electricity resistance,
inhibited regeneration, wild magic 2
}: 3/15 runes: decaying, serpentine, silver
a: Smiting, Recall Orcish Followers, Give Item to Named Follower, Resurrection,
Renounce Religion, Evoke Berserk Rage, Evoke Flight


You were on level 1 of the Depths.
You worshipped Beogh.
Beogh was exalted by your worship.
You were not hungry.

You visited 8 branches of the dungeon, and saw 40 of its levels.
You visited 1 bazaar.
You also visited: Bailey.

You collected 7683 gold pieces.
You spent 4873 gold pieces at shops.

Inventory:

Hand Weapons
 k - a +4 eveningstar of chaos (weapon)
Missiles
 Y - 2 throwing nets (quivered)
Armour
 g - the +2 hat of the Bear Spirit (worn) {Spirit, +Rage rN+ MR++}
   (You found it on level 6 of the Lair of Beasts)

   It protects you from negative energy.
   It affects your resistance to hostile enchantments.
   It lets you go berserk.
 i - the +3 pair of gloves of the Past (worn) {-Cast Dex+5 Slay+3}
   (You found it on level 3 of the Swamp)

   It affects your dexterity (+5).
   It affects your accuracy and damage with ranged weapons and melee attacks
   (+3).
   It prevents spellcasting.
 j - the +13 chain mail of Ettiv {*Corrode rElec SInv}
   (You found it on level 3 of the Vaults)

   It insulates you from electricity.
   It lets you see invisible.
   It may corrode you when you take damage.
 p - +6 gold dragon scales (worn)
 t - the +2 cloak of Action (worn) {+Fly rC+ Int+2}
   (You found it on level 5 of the Vaults)

   It affects your intelligence (+2).
   It protects you from cold.
   It lets you fly.
 D - a +2 pair of boots of stealth (worn)
 J - the +4 large shield "Barch" (worn) {rC+ rN+ MR+}
   (You took it off Louise on level 1 of the Snake Pit)

   It protects you from cold.
   It protects you from negative energy.
   It affects your resistance to hostile enchantments.
Jewellery
 f - a +3 amulet of reflection (around neck)
 l - the ring of the Immovable Queens (right hand) {Dex+4 Stlth+}
   (You took it off a yaktaur captain on level 5 of the Vaults)

   [ring of stealth]

   It affects your dexterity (+4).
   It makes you more stealthy.
 z - the ring of Joeh Ytah (left hand) {rF++ MR- Str+3 Dex+8 SInv}
   (You found it on level 6 of the Lair of Beasts)

   [ring of strength]

   It affects your strength (+3).
   It affects your dexterity (+8).
   It greatly protects you from fire.
   It affects your resistance to hostile enchantments.
   It lets you see invisible.
Wands
 a - a wand of digging (17)
 b - a wand of paralysis (63)
 o - a wand of enslavement (17)
 K - a wand of acid (24)
 O - a wand of clouds (18)
 P - a wand of random effects (51)
 Q - a wand of iceblast (26)
 X - a wand of disintegration (6)
Scrolls
 h - 6 scrolls of fog {!r}
 n - 5 scrolls of teleportation {!r}
 s - 10 scrolls of amnesia {!r}
 w - 11 scrolls of identify {!r}
 x - 3 scrolls of brand weapon {!r}
 y - 2 scrolls of vulnerability {!r}
 A - a scroll of summoning {!r}
 G - 2 scrolls of fear {!r}
 H - 13 scrolls of remove curse {!r}
 L - 2 scrolls of blinking {!r}
 S - 6 scrolls of magic mapping {!r}
 W - 3 scrolls of silence {!r}
Potions
 d - 8 potions of ambrosia {!q}
 e - 4 potions of brilliance {!q}
 m - 15 potions of flight {!q}
 q - 8 potions of might {!q}
 r - 4 potions of curing {!q}
 v - a potion of invisibility {!q}
 B - a potion of agility {!q}
 E - 6 potions of mutation {!q}
 I - 3 potions of cancellation {!q}
 M - 9 potions of haste {!q}
 N - 2 potions of magic {!q}
 V - 4 potions of resistance {!q}
 Z - 4 potions of berserk rage {!q}
Comestibles
 c - 50 rations
 u - 4 chunks of flesh


   Skills:
 + Level 14.2 Fighting
   Level 15.7(18.4) Axes
 - Level 13.9(16.0) Maces & Flails
   Level 3.7(9.7) Polearms
   Level 12.0 Slings
 + Level 14.1 Armour
 + Level 13.9 Dodging
 - Level 1.5 Stealth
 + Level 14.1 Shields
 * Level 24.7 Invocations


You had 22 spell levels left.
You didn't know any spells.

Dungeon Overview and Level Annotations

Branches:
Dungeon (15/15)            Temple (0/1) D:5            Lair (6/6) D:11
  Swamp (4/4) Lair:4        Snake (4/4) Lair:4        Slime (3/5) Lair:5
    Orc (2/2) D:12            Elf (0/3) Orc:2        Vaults (5/5) D:13
  Crypt (0/3) Vaults:2     Depths (1/5) D:15

Altars:
Ashenzari
Elyvilon
Fedhas
Gozag
Hepliaklqana
Makhleb
Ru
Wu Jian
Beogh

Shops:
D:5 *   D:14 (   D:15 [   Orc:2 [([!   Vaults:4 [   Vaults:5 ?   Depths:1 ==}

Portals:
Ziggurat: Depths:1


Innate Abilities, Weirdness & Mutations

You can walk on water.
You are partially covered in rugged brown scales. (AC +1, +3% HP)
You are dopey. (Int -2)
You are resistant to electric shocks. (rElec)
You do not regenerate when monsters are visible.
Your spells are harder to cast, but more powerful.


Message History

Smite: a boggart, wielding a trident of chaos You smite the boggart!
You kill the boggart!
Beogh accepts your kill.
The ettin dissolves into shadows!
Really quaff
r - 5 potions of curing {!q}?
You feel better. You block the rakshasa's attack.
You puncture the rakshasa!
The rakshasa's magic leaks into the air.
The rakshasa is lightly wounded.
You hit the rakshasa.
Shadowy shapes form in the air around you, then vanish.
The rakshasa is moderately wounded.
You block the rakshasa's attack.
You completely miss the rakshasa.
The rakshasa is moderately wounded.
The rakshasa falters for a moment.
You hit the rakshasa but do no damage.
The rakshasa is moderately wounded.
The rakshasa falters for a moment.
You closely miss the rakshasa.
The rakshasa is moderately wounded.
You closely miss the rakshasa.
The rakshasa is moderately wounded.
The rakshasa blinks!
You block the rakshasa's attack.
You barely miss the rakshasa.
The rakshasa is moderately wounded.
The rakshasa hits you but does no damage.
A merfolk javelineer comes into view. It is wielding a spear of venom.
You puncture the rakshasa!
The rakshasa appears confused.
The rakshasa is moderately wounded.
The merfolk javelineer throws a silver javelin.
You reflect the silver javelin off an invisible shield around you!
The silver javelin hits the merfolk javelineer!
You sock the rakshasa!
The rakshasa is heavily wounded.
You catch the helpless rakshasa completely off-guard!
You bludgeon the rakshasa!!
The rakshasa is severely wounded.
You catch the helpless rakshasa completely off-guard!
You impale the rakshasa!! You burn the rakshasa.
You kill the rakshasa!
Beogh accepts your kill.
The merfolk javelineer throws a silver javelin.
You reflect the silver javelin off an invisible shield around you!
The silver javelin hits the merfolk javelineer!!
Aiming: Smiting
Press: ? - help, Dir - move target cursor, f - merfolk javelineer Smite: a merfolk javelineer, wielding a spear of venom and wearing a leather armour (heavily wounded)
You smite the merfolk javelineer!
The merfolk javelineer is almost dead.
The merfolk javelineer throws a silver javelin.
You reflect the silver javelin off an invisible shield around you!
The silver javelin hits the merfolk javelineer!
The merfolk javelineer dies!
A two-headed ogre comes into view. It is wielding two giant clubs.
The two-headed ogre shouts in stereo!
You hear a shout! x3
An ogre mage comes into view. It is wielding a halberd.
A two-headed ogre and a stone giant come into view.
The stone giant shouts!
The two-headed ogre shouts in stereo!
The stone giant throws a large rock.
The large rock hits you!!
You die...

.....()......≈.....#
.....)......(≈......
....................
≈≈..................
≈...≈≈..............
≈...≈≈..............
#.≈≈...)......∩...
#.≈.......@.......
....≈...............
...........##.......
≈≈≈≈......## #.>....
...........
.........≈...##
.#......≈...
..O..C...≈....#
........≈≈.##
..O.O....≈.≈.#
##..........
g.....O......≈..
................


You could see a stone giant, 2 two-headed ogres, an ogre mage and an ogre
(wandering).

Vanquished Creatures
  Mara (Snake:4)
  Margery (Vaults:4)
  Bai Suzhen (Swamp:4)
  Nikola (Swamp:1)
  A golden dragon (Vaults:5)
  The ghost of Xenophilius the Brawler, an adept TrCK of Xom (Swamp:4)
  A tentacled monstrosity (Vaults:5)
  3 titans (Vaults:5)
  5 liches
  A quicksilver dragon (Vaults:5)
  3 sphinxes
  4 acid blobs
  4 thorn hunters
  2 storm dragons
  2 tengu reavers (Vaults:5)
  5 shadow dragons (Vaults:5)
  An azure jelly (Slime:1)
  A storm dragon (shapeshifter) (Vaults:5)
  4 fire giants
  3 nagarajas (Snake:4)
  An iron dragon (Vaults:4)
  A frost giant (Vaults:5)
  2 orc warlords
  19 vault wardens
  3 war gargoyles
  14 ironheart preservers
  4 stone giants
  2 very ugly things (Vaults:5)
  A deep elf annihilator (Vaults:2)
  A vampire knight (Vaults:3)
  10 ettins
  A quicksilver dragon zombie (Vaults:5)
  2 deep elf high priests
  A fire dragon (Vaults:5)
  9 yaktaur captains
  10 ogre magi
  A great orb of eyes (shapeshifter) (Vaults:5)
  6 great orbs of eyes
  Harold (D:12)
  6 ice dragons
  A rakshasa (Depths:1)
  A catoblepas (Vaults:3)
  4 naga warriors
  32 vault guards
  3 death knights
  10 hydras
  4 centaur warriors
  A ghost crab (Swamp:4)
  5 alligators
  A death yak (Lair:5)
  3 dancing weapons
  48 two-headed ogres
  A deep troll shaman (Depths:1)
  An anaconda (Snake:4)
  2 tengu warriors (D:15)
  An orc high priest (Orc:1)
  A large abomination (Vaults:5)
  4 deep troll earth magi
  2 spriggan berserkers (Swamp:4)
  7 naga sharpshooters
  A shock serpent (Snake:1)
  4 hell knights (Vaults:5)
  4 deep elf knights
  A storm dragon zombie (Vaults:4)
  A titan skeleton (Vaults:5)
  5 skeletal warriors
  3 flayed ghosts
  A shadow wraith (Vaults:5)
  An iron troll (Depths:1)
  15 deep trolls
  A deep troll (shapeshifter) (Vaults:5)
  2 naga ritualists
  17 ironbrand convokers
  2 unseen horrors
  An unseen horror (shapeshifter) (Vaults:2)
  3 spriggan druids
  A glowing orange brain (Vaults:1)
  3 wizards
  4 shambling mangroves
  3 deep elf archers
  6 swamp dragons
  3 phantasmal warriors
  An orb spider (shapeshifter) (D:14)
  5 wolf spiders
  A lindwurm (shapeshifter) (Vaults:2)
  10 harpies
  An orc knight (Vaults:1)
  4 necromancers
  4 cyclopes
  A fire giant zombie (Vaults:5)
  3 salamanders
  6 deep elf magi
  25 ugly things
  4 mana vipers
  An orc sorcerer (Vaults:5)
  2 salamanders (shapeshifter)
  A shining eye (Slime:1)
  2 human skeletons
  8 naga magi
  17 black mambas
  An eye of devastation (Slime:1)
  2 guardian serpents (shapeshifter)
  17 vault sentinels
  3 moths of wrath (shapeshifter)
  A water nymph (shapeshifter) (Vaults:5)
  An elephant (Lair:6)
  A guardian serpent (Snake:4)
  Psyche (D:8)
  11 spiny frogs
  A human zombie (Vaults:2)
  A gargoyle (D:9)
  A rime drake (Lair:2)
  3 rime drakes (shapeshifter)
  32 yaktaurs
  3 komodo dragons
  A yaktaur (shapeshifter) (Vaults:4)
  3 freezing wraiths
  A yaktaur skeleton (Vaults:5)
  A polar bear (shapeshifter) (Vaults:3)
  5 trolls
  10 hornets
  A troll (shapeshifter) (Vaults:2)
  8 blink frogs
  A jumping spider (shapeshifter) (Vaults:3)
  A tyrant leech (Swamp:2)
  23 slime creatures
  Prince Ribbit (D:7)
  3 dream sheep
  7 bog bodies
  4 hippogriffs
  3 redbacks (Snake:2)
  2 water elementals
  4 spriggans
  Sigmund (D:4)
  An ettin skeleton (Vaults:5)
  3 wraiths
  2 wyverns
  3 shadows
  12 yaks
  A hog (Lair:4)
  Eustachio (D:3)
  12 golden eyes
  36 vampire mosquitoes
  2 hungry ghosts
  5 basilisks
  9 insubstantial wisps
  A water moccasin (shapeshifter) (Vaults:3)
  4 wargs
  16 nagas
  A soldier ant (D:15)
  A swamp worm (shapeshifter) (Vaults:2)
  18 swamp worms
  3 water moccasins
  An ogre skeleton (Vaults:1)
  6 porcupines
  10 swamp drakes
  2 eyes of draining
  14 orc warriors
  2 ice beasts
  3 sky beasts
  2 elf zombies
  3 necrophages (D:9)
  2 black bears
  An ettin simulacrum (Vaults:2)
  35 ogres
  3 phantoms
  2 hornet zombies
  A wolf (Lair:5)
  A wolf (shapeshifter) (D:15)
  7 boggarts
  18 centaurs
  12 crocodiles
  8 big kobolds
  14 bullfrogs
  3 wyvern zombies
  6 scorpions
  4 killer bees (D:7)
  16 wights
  2 electric eels (D:14)
  3 howler monkeys
  8 crimson imps
  3 centaur zombies
  2 quasits
  3 jellies
  7 orc priests
  6 hounds
  4 iguanas
  12 orc wizards
  2 bullfrog skeletons
  6 hell rats (Lair:1)
  10 worker ants
  A killer bee zombie (D:9)
  A hound zombie (D:9)
  A hound skeleton (D:9)
  4 mummies (D:9)
  11 adders
  6 gnolls (D:4)
  9 river rats (Lair:1)
  3 shadow imps
  A white imp (Lair:5)
  3 oozes
  2 adder zombies
  An adder skeleton (D:8)
  A worm (D:2)
  5 dart slugs
  6 leopard geckos
  27 orcs
  3 ball pythons
  4 giant cockroaches
  27 goblins
  23 hobgoblins
  5 jackals
  17 kobolds
  7 quokkas
  10 bats
  5 frilled lizards
  A jackal zombie (D:6)
  A leopard gecko zombie (D:7)
  A quokka zombie (D:9)
  18 rats
  A briar patch (Swamp:4)
  2 crawling corpses (Vaults:5)
1191 creatures vanquished.

Vanquished Creatures (collateral kills)
  Jory (Vaults:2)
  A sphinx (Vaults:4)
  A shadow dragon (Vaults:3)
  Kirke (Lair:4)
  A storm dragon (Vaults:3)
  A fire giant (Vaults:4)
  2 nagarajas (Snake:4)
  A frost giant (Vaults:3)
  2 vault wardens
  An orc warlord (Orc:1)
  A deep elf sorcerer (Vaults:4)
  Louise (Snake:1)
  Aizul (Snake:1)
  2 ironheart preservers (Vaults:2)
  A stone giant (Orc:2)
  5 dire elephants (Lair:6)
  3 ettins
  3 yaktaur captains
  Fannar (Lair:1)
  A fire dragon (D:15)
  8 naga warriors
  4 ogre magi
  A rakshasa (Vaults:2)
  2 ice dragons
  A great orb of eyes (D:15)
  3 hydras
  2 death knights (Vaults:2)
  7 two-headed ogres
  8 vault guards
  4 centaur warriors
  10 anacondas
  An alligator (Swamp:2)
  12 death yaks
  5 shock serpents
  An orc high priest (Orc:2)
  10 naga sharpshooters
  2 salamander mystics
  A flayed ghost (Vaults:3)
  A skeletal warrior (Vaults:1)
  3 deep trolls
  8 naga ritualists
  A harpy (Vaults:2)
  2 ironbrand convokers
  A wizard (Vaults:3)
  3 orc knights (Orc:1)
  A necromancer (Vaults:1)
  A fire giant zombie (Vaults:1)
  2 oklob plants (Lair:2)
  A cyclops (D:9)
  12 mana vipers
  An orc sorcerer (Orc:1)
  2 ugly things
  2 deep elf magi (Vaults:1)
  7 salamanders
  A human zombie (Vaults:1)
  A centaur zombie (D:15)
  32 black mambas
  9 elephants
  19 naga magi
  6 spiny frogs
  4 vault sentinels
  2 guardian serpents
  A centaur skeleton (D:12)
  A rime drake (Lair:6)
  16 yaktaurs
  A komodo dragon (Lair:4)
  A troll (D:11)
  A polar bear (Lair:4)
  11 blink frogs
  A hornet (Swamp:2)
  6 hippogriffs
  An ettin zombie (Vaults:2)
  3 dream sheep (Lair:5)
  A shadow (Swamp:1)
  4 hogs (Lair:4)
  A spriggan (Swamp:2)
  5 redbacks (Snake:2)
  2 wyverns
  2 basilisks
  A wraith (Vaults:2)
  A golden eye (Slime:1)
  17 yaks
  A steam dragon (D:9)
  2 vampire mosquitoes
  2 swamp worms
  3 insubstantial wisps (Swamp:1)
  2 wargs (Orc:2)
  7 water moccasins
  An acid dragon (Vaults:1)
  21 nagas
  4 porcupines
  20 orc warriors
  A phantom (D:11)
  A swamp drake (Swamp:2)
  An ice beast (D:11)
  12 ogres
  3 boggarts
  7 wolves
  13 centaurs
  4 crocodiles
  2 bullfrogs
  2 wights (D:13)
  2 howler monkeys
  3 crimson imps
  3 orc priests (Orc:2)
  6 orc wizards
  A worker ant (D:10)
  A killer bee zombie (D:9)
  2 adders
  A river rat (Lair:1)
  A shadow imp (D:9)
  2 white imps (Lair:5)
  20 orcs
  6 kobolds
  4 bushes (Lair:1)
  70 fungi
  56 plants
599 creatures vanquished.

Vanquished Creatures (others)
  2 orc warlords (Snake:4)
  A stone giant (Vaults:4)
  A merfolk javelineer (Depths:1)
  5 orc high priests
  23 orc knights
  A naga ritualist (Snake:4)
  6 orc sorcerers
  An ugly thing (Vaults:4)
  A yaktaur simulacrum (Vaults:4)
  45 orc warriors
  A sky beast (Vaults:3)
  A bullfrog (D:14)
  24 orc priests
  22 orc wizards
  A ball lightning (Vaults:5)
  79 orcs
  A ball python (D:3)
  8 fungi
  9 plants
232 creatures vanquished.

Grand Total: 2022 creatures vanquished

Notes
Turn   | Place    | Note
-------+----------+-------------------------------------------
     0 | D:1      | Amnesiac the Hill Orc Monk began the quest for the Orb.
     0 | D:1      | Reached XP level 1. HP: 19/19 MP: 1/1
    97 | D:1      | Reached XP level 2. HP: 2/27 MP: 2/2
   652 | D:1      | Reached skill level 5 in Axes
   825 | D:1      | You fall through a shaft!
   836 | D:2      | Reached XP level 3. HP: 33/33 MP: 3/3
  1038 | D:2      | Reached skill level 1 in Slings
  1038 | D:2      | Reached XP level 4. HP: 40/40 MP: 4/4
  2152 | D:3      | Became a worshipper of Beogh the Brigand
  2152 | D:3      | Reached * piety under Beogh
  2152 | D:3      | Reached ** piety under Beogh
  2566 | D:3      | Reached XP level 5. HP: 39/46 MP: 5/5
  2571 | D:3      | Found a shattered altar of Ashenzari.
  2880 | D:4      | Noticed an ogre
  2889 | D:4      | Killed an ogre
  2936 | D:4      | Noticed an ice beast
  2959 | D:4      | Noticed Eustachio
  3206 | D:3      | Killed an ice beast
  3206 | D:3      | Reached skill level 3 in Invocations
  3206 | D:3      | Reached XP level 6. HP: 9/52 MP: 5/8
  3431 | D:3      | Killed Eustachio
  3431 | D:3      | Reached skill level 5 in Invocations
  3431 | D:3      | Reached XP level 7. HP: 23/59 MP: 8/10
  3707 | D:4      | Found an ornate altar of the Wu Jian Council.
  3753 | D:4      | Noticed Sigmund
  3760 | D:4      | Reached skill level 6 in Invocations
  3761 | D:4      | Killed Sigmund
  3761 | D:4      | Reached skill level 7 in Invocations
  3859 | D:4      | You fall through a shaft for 3 floors!
  3982 | D:7      | Noticed Prince Ribbit
  3996 | D:7      | Killed Prince Ribbit
  3996 | D:7      | Reached skill level 8 in Invocations
  3996 | D:7      | Reached XP level 8. HP: 47/66 MP: 12/14
  4291 | D:7      | Reached skill level 5 in Slings
  4455 | D:5      | Entered Level 5 of the Dungeon
  4824 | D:4      | Reached skill level 9 in Invocations
  5144 | D:4      | Reached *** piety under Beogh
  5692 | D:5      | Found a staircase to the Ecumenical Temple.
  5740 | D:5      | Reached skill level 10 in Invocations
  5778 | D:5      | Found Cetwysergh's General Store.
  5882 | D:5      | Found a burning altar of Makhleb.
  6271 | D:6      | Reached skill level 1 in Armour
  6271 | D:6      | Reached skill level 1 in Shields
  6271 | D:6      | Reached XP level 9. HP: 23/71 MP: 16/16
  6569 | D:6      | Got a pair of ancient gloves
  6576 | D:6      | Noticed a troll
  6578 | D:6      | Killed a troll
  7060 | D:6      | Found a faded altar of an unknown god.
  7060 | D:6      | Found a white marble altar of Elyvilon.
  7065 | D:6      | Found a hazy altar of Hepliaklqana.
  7067 | D:6      | Found a faded altar of an unknown god.
  7069 | D:6      | Found a sacrificial altar of Ru.
  7696 | D:8      | Gained Ogrik as an ally
  7698 | D:8      | Your ally Ogrik died
  7798 | D:8      | Reached **** piety under Beogh
  7933 | D:8      | Noticed Psyche
  7950 | D:8      | Killed Psyche
  7950 | D:8      | Reached XP level 10. HP: 70/79 MP: 17/17
  8132 | D:8      | Noticed a two-headed ogre
  8144 | D:8      | Killed a two-headed ogre
  8299 | D:8      | Reached skill level 10 in Slings
  9760 | D:9      | Noticed a two-headed ogre
  9802 | D:9      | Killed a two-headed ogre
  9802 | D:9      | Reached XP level 11. HP: 56/84 MP: 18/18
 10077 | D:9      | Noticed a two-headed ogre
 10092 | D:9      | Killed a two-headed ogre
 10092 | D:9      | Reached skill level 5 in Fighting
 10382 | D:9      | Noticed a cyclops
 10386 | D:9      | Killed a cyclops
 10549 | D:9      | Noticed a centaur warrior
 10549 | D:9      | Reached ***** piety under Beogh
 10553 | D:9      | Killed a centaur warrior
 10884 | D:10     | Entered Level 10 of the Dungeon
 11198 | D:10     | Noticed a centaur warrior
 11202 | D:10     | Reached skill level 11 in Invocations
 11209 | D:10     | Killed a centaur warrior
 11369 | D:10     | Found a white marble altar of Elyvilon.
 11605 | D:11     | Identified the cursed +0 pair of gloves "Nonos" {rC+ MR+ rCorr Int+4} (You found it on level 6 of the Dungeon)
 11718 | D:11     | Found a staircase to the Lair.
 11747 | D:11     | Noticed a two-headed ogre
 11754 | D:11     | Killed a two-headed ogre
 11754 | D:11     | Reached skill level 5 in Armour
 11754 | D:11     | Reached skill level 5 in Shields
 11778 | D:11     | Reached XP level 12. HP: 60/99 MP: 20/20
 11960 | D:11     | Reached skill level 12 in Invocations
 12501 | D:12     | Noticed a five-headed hydra
 12508 | D:12     | Killed a five-headed hydra
 12530 | D:12     | Found a white marble altar of Elyvilon.
 12609 | D:12     | Found a staircase to the Orcish Mines.
 12619 | D:12     | Noticed Harold
 12631 | D:12     | Killed Harold
 12693 | D:12     | Found a roughly hewn altar of Beogh.
 12781 | Orc:1    | Entered Level 1 of the Orcish Mines
 12895 | Orc:1    | Noticed an orc warlord
 12915 | Orc:1    | Killed an orc warlord
 12915 | Orc:1    | Reached skill level 13 in Invocations
 13034 | Orc:1    | Found a roughly hewn altar of Beogh.
 13039 | Orc:1    | Noticed an orc high priest
 13049 | Orc:1    | Killed an orc high priest
 13103 | Orc:1    | Identified a scroll of acquirement {!r}
 13515 | Orc:2    | Entered Level 2 of the Orcish Mines
 13581 | Orc:2    | Reached ****** piety under Beogh
 13792 | Orc:2    | Found a roughly hewn altar of Beogh.
 13817 | Orc:2    | Reached skill level 5 in Dodging
 13819 | Orc:2    | Noticed a stone giant
 13828 | Orc:2    | Killed a stone giant
 13828 | Orc:2    | Reached skill level 1 in Polearms
 13834 | Orc:2    | Gained Marbork as an ally
 13892 | Orc:2    | Noticed a sun demon
 13900 | Orc:2    | Noticed an orc warlord
 13907 | Orc:2    | Found Jomalag's Antique Armour Shop.
 13911 | Orc:2    | Found a roughly hewn altar of Beogh.
 13922 | Orc:2    | Killed an orc warlord
 13922 | Orc:2    | Gained Urtork as an ally
 13924 | Orc:2    | Found Woxuig's Antique Weapon Boutique.
 13966 | Orc:2    | Bought a warped ring mail for 297 gold pieces
 13976 | Orc:2    | Identified the cursed +0 ring mail of the Gastropod {rN+ Stlth+} (You bought it in a shop on level 2 of the Orcish Mines)
 14195 | Orc:2    | Found a staircase to the Elven Halls.
 14232 | Orc:2    | Found a roughly hewn altar of Beogh.
 14232 | Orc:2    | Found Ydwiyri's Antique Armour Shop.
 14248 | Orc:2    | Bought a translucent scale mail for 216 gold pieces
 14258 | Orc:2    | Identified the +3 scale mail "Itiugues" {+Inv rF++ rN+ MP-9} (You bought it in a shop on level 2 of the Orcish Mines)
 14402 | Orc:2    | Found a roughly hewn altar of Beogh.
 14406 | Orc:2    | Found Agoeckos's Distillery.
 14406 | Orc:2    | Noticed an orc high priest
 14414 | Orc:2    | Reached XP level 13. HP: 101/104 MP: 23/23
 14436 | Orc:2    | Bought a potion of heal wounds for 80 gold pieces
 14521 | Orc:2    | Found a roughly hewn altar of Beogh.
 14908 | Lair:1   | Entered Level 1 of the Lair of Beasts
 14922 | Lair:1   | Noticed Fannar
 14933 | Lair:1   | Killed Fannar
 16014 | Lair:2   | Reached skill level 10 in Axes
 16961 | Lair:3   | Gained Gorbash as an ally
 18088 | Lair:4   | Found a staircase to the Snake Pit.
 18480 | Lair:4   | Noticed Kirke
 18495 | Lair:4   | Killed Kirke
 18549 | Lair:4   | Your ally Urtork died
 18770 | Lair:4   | Found a staircase to the Swamp.
 19289 | Lair:5   | Reached XP level 14. HP: 96/112 MP: 24/24
 19354 | Lair:5   | Reached skill level 14 in Invocations
 19620 | Lair:5   | Reached skill level 15 in Invocations
 19880 | Lair:5   | Found a staircase to the Slime Pits.
 20164 | Lair:6   | Entered Level 6 of the Lair of Beasts
 20181 | Lair:6   | Gained Brandogh as an ally
 20203 | Lair:6   | Found the +2 hat of the Bear Spirit {Spirit, +Rage rN+ MR++}
 20866 | Lair:6   | Reached skill level 16 in Invocations
 21158 | Lair:6   | Killed a dire elephant
 21233 | Lair:6   | Noticed a dire elephant
 21233 | Lair:6   | Noticed a dire elephant
 21242 | Lair:6   | Your ally Brandogh died
 21248 | Lair:6   | Killed a dire elephant
 21253 | Lair:6   | Killed a dire elephant
 21255 | Lair:6   | Killed a dire elephant
 21268 | Lair:6   | Got a brightly glowing whip
 21282 | Lair:6   | Got a warped bone ring
 21283 | Lair:6   | Identified the +7 whip "Nebber" {drain, rN++} (You found it on level 6 of the Lair of Beasts)
 21572 | Lair:6   | Reached skill level 15 in Axes
 21637 | Lair:6   | Noticed a dire elephant
 21650 | Lair:6   | Killed a dire elephant
 21925 | Snake:1  | Entered Level 1 of the Snake Pit
 21967 | Snake:1  | HP: 5/112 [poisoned by a black mamba]
 21974 | Snake:1  | HP: 4/112 [poisoned by a black mamba]
 21981 | Snake:1  | HP: 4/112 [poisoned by a black mamba]
 21989 | Snake:1  | HP: 4/112 [poisoned by a black mamba]
 22352 | Snake:1  | Noticed Louise
 22357 | Snake:1  | Killed Louise
 22357 | Snake:1  | Gained Norbak as an ally
 22359 | Snake:1  | Got a steaming large shield
 22360 | Snake:1  | Identified the +4 large shield "Barch" {rC+ rN+ MR+} (You took it off Louise on level 1 of the Snake Pit)
 22364 | Snake:1  | Identified the ring of Joeh Ytah {rF++ MR- Str+3 Dex+8 SInv} (You found it on level 6 of the Lair of Beasts)
 22426 | Snake:1  | Got a smoking leather armour
 22432 | Snake:1  | Identified the +3 leather armour of Kicanoin {+Blink Dex+4} (You found it on level 1 of the Snake Pit)
 22461 | Snake:1  | Noticed Aizul
 22469 | Snake:1  | Killed Aizul
 22557 | Snake:1  | Reached skill level 5 in Maces & Flails
 22570 | Snake:1  | Your ally Gorbash died
 23383 | Snake:2  | Reached XP level 15. HP: 80/118 MP: 20/27
 24905 | Snake:3  | Reached skill level 10 in Maces & Flails
 25372 | Snake:3  | HP: 8/177 [mana viper (11)]
 26339 | Snake:4  | Entered Level 4 of the Snake Pit
 26371 | Snake:4  | Gained Wulfoc as an ally
 27137 | Snake:4  | Noticed Mara
 27146 | Snake:4  | Killed Mara
 27146 | Snake:4  | Reached XP level 16. HP: 96/126 MP: 10/28
 27579 | Snake:4  | Noticed a nagaraja
 27594 | Snake:4  | Noticed a nagaraja
 27595 | Snake:4  | Killed a nagaraja
 27609 | Snake:4  | Killed a nagaraja
 27616 | Snake:4  | Your ally Marbork died
 27623 | Snake:4  | Your ally Wulfoc died
 27624 | Snake:4  | Your ally Norbak died
 27646 | Snake:4  | Noticed a nagaraja
 27742 | Snake:4  | Killed a nagaraja
 27742 | Snake:4  | Reached skill level 17 in Invocations
 28007 | Snake:4  | Noticed a nagaraja
 28026 | Snake:4  | Killed a nagaraja
 28668 | Snake:4  | Got a serpentine rune of Zot
 28670 | Snake:4  | Noticed a nagaraja
 28679 | Snake:4  | Killed a nagaraja
 28901 | Swamp:1  | Entered Level 1 of the Swamp
 29314 | Swamp:1  | Noticed Nikola
 29320 | Swamp:1  | Killed Nikola
 29751 | Swamp:1  | Reached skill level 18 in Invocations
 30048 | Swamp:2  | Noticed a thorn hunter
 30062 | Swamp:2  | Killed a thorn hunter
 30417 | Swamp:2  | Reached XP level 17. HP: 110/134 MP: 26/30
 30837 | Swamp:3  | Reached skill level 19 in Invocations
 32051 | Swamp:3  | Got a pair of blackened gloves
 32176 | Swamp:4  | Entered Level 4 of the Swamp
 32185 | Swamp:4  | Paralysed by a hornet for 1 turns
 32194 | Swamp:4  | Paralysed by a hornet for 2 turns
 32557 | Swamp:4  | Reached skill level 20 in Invocations
 32828 | Swamp:4  | Noticed Bai Suzhen
 33478 | Swamp:4  | Killed Bai Suzhen
 33507 | Swamp:4  | Reached skill level 21 in Invocations
 33968 | Swamp:3  | Identified the +3 pair of gloves of the Past {-Cast Dex+5 Slay+3} (You found it on level 3 of the Swamp)
 34032 | Swamp:4  | Noticed Xenophilius's ghost (adept TrCK)
 34064 | Swamp:4  | Killed Xenophilius's ghost
 34616 | Swamp:4  | Got a decaying rune of Zot
 35058 | Orc:2    | Bought a shiny plate armour for 624 gold pieces
 35127 | Orc:2    | Bought a glowing plate armour for 858 gold pieces
 35327 | Slime:1  | Entered Level 1 of the Pits of Slime
 35330 | Slime:1  | Gained mutation: You are resistant to electric shocks. (rElec) [a shining eye]
 35354 | Slime:1  | Gained mutation: You occasionally shout uncontrollably at your foes. [a shining eye]
 35363 | Slime:1  | Gained mutation: You do not regenerate when monsters are visible. [a shining eye]
 35365 | Slime:1  | Gained mutation: Scrolls take you a little longer to read. [a shining eye]
 35370 | Slime:1  | Gained mutation: You sometimes yell uncontrollably at your foes. [a shining eye]
 35374 | Slime:1  | Lost mutation: Scrolls take you a little longer to read. [potion of mutation]
 35374 | Slime:1  | Lost mutation: You sometimes yell uncontrollably at your foes. [potion of mutation]
 35374 | Slime:1  | Lost mutation: You occasionally shout uncontrollably at your foes. [potion of mutation]
 35374 | Slime:1  | Gained mutation: You are dopey. (Int -2) [potion of mutation]
 35374 | Slime:1  | Gained mutation: Your spells are a little harder to cast, but a little more powerful. [potion of mutation]
 35374 | Slime:1  | Gained mutation: Your spells are harder to cast, but more powerful. [potion of mutation]
 35374 | Slime:1  | Gained mutation: You are partially covered in rugged brown scales. (AC +1, +3% HP) [potion of mutation]
 35427 | Slime:1  | Noticed an acid blob
 35430 | Slime:1  | Noticed an acid blob
 35447 | Slime:1  | Killed an acid blob
 35447 | Slime:1  | Reached skill level 22 in Invocations
 35451 | Slime:1  | Killed an acid blob
 35547 | Slime:1  | Noticed an acid blob
 35554 | Slime:1  | Killed an acid blob
 36431 | Slime:2  | Reached XP level 18. HP: 133/145 MP: 31/33
 37973 | D:13     | Got an uncursed polished rapier {venom}
 37985 | D:13     | Found a gate to the Vaults.
 38432 | D:13     | Got a faintly glowing trident
 38433 | D:13     | Identified the +3 trident of the Solstice {chaos, rC+} (You found it on level 13 of the Dungeon)
 38764 | D:14     | Reached skill level 23 in Invocations
 38849 | D:14     | Found Vekerer's Weapon Shop.
 39277 | D:14     | Found a flagged portal.
 39322 | Bailey   | Entered a bailey
 39633 | Bailey   | Reached XP level 19. HP: 152/152 MP: 34/34
 40058 | D:15     | Entered Level 15 of the Dungeon
 40194 | D:15     | Found an opulent altar of Gozag.
 40219 | D:15     | Found Ikhleffol's Armour Shop.
 40239 | D:15     | Bought +0 gold dragon scales for 960 gold pieces
 40569 | D:15     | Found a staircase to the Depths.
 40655 | D:15     | Found a blossoming altar of Fedhas.
 40755 | Vaults:1 | Entered Level 1 of the Vaults
 40857 | Vaults:1 | Reached skill level 24 in Invocations
 41365 | Vaults:1 | Gained Korbok as an ally
 41782 | Vaults:1 | Gained Argrim as an ally
 41912 | Vaults:1 | Gained Bogbrand as an ally
 42617 | Vaults:2 | Found a flickering gateway to a bazaar.
 42626 | Bazaar   | Entered a bazaar
 42640 | Bazaar   | Found Tehik's Weapon Shoppe.
 42640 | Bazaar   | Found Emyufat's Gadget Emporium.
 42661 | Bazaar   | Found Ybrutzus's Antique Armour Shoppe.
 42661 | Bazaar   | Found Vedoovumm's Magic Scroll Emporium.
 42671 | Bazaar   | Bought a scroll of magic mapping for 42 gold pieces
 42671 | Bazaar   | Bought 3 scrolls of teleportation for 108 gold pieces
 42671 | Bazaar   | Bought a scroll of teleportation for 36 gold pieces
 42671 | Bazaar   | Bought a scroll of fear for 42 gold pieces
 42682 | Bazaar   | Found Fogaew's Magic Scroll Emporium.
 42686 | Bazaar   | Bought a scroll of magic mapping for 49 gold pieces
 42722 | Bazaar   | Bought a scroll of acquirement for 728 gold pieces
 42724 | Bazaar   | Bought a scroll of acquirement for 728 gold pieces
 42726 | Bazaar   | Bought a scroll of enchant armour for 105 gold pieces
 42796 | Vaults:2 | Gained Boruk as an ally
 42798 | Vaults:2 | Gained Grimold as an ally
 42827 | Vaults:2 | Found a staircase to the Crypt.
 42990 | Vaults:2 | Reached XP level 20. HP: 151/162 MP: 36/36
 43383 | Vaults:2 | Noticed Jory
 43389 | Vaults:2 | Reached skill level 10 in Fighting
 43399 | Vaults:2 | Your ally Grimold died
 43401 | Vaults:2 | Killed Jory
 43403 | Vaults:2 | Your ally Korbok died
 43404 | Vaults:2 | Your ally Boruk died
 43678 | Vaults:2 | Gained Warrok as an ally
 43773 | Vaults:2 | Your ally Grimold died
 44644 | Vaults:3 | Your ally Warrok died
 45091 | Vaults:3 | Your ally Argrim died
 45157 | Vaults:3 | Your ally Warrok died
 45174 | Vaults:3 | Your ally Bogbrand died
 45755 | Vaults:3 | Reached skill level 10 in Armour
 45755 | Vaults:3 | Reached skill level 10 in Shields
 45800 | Vaults:3 | Gained Boldo as an ally
 45919 | Vaults:3 | Your ally Boldo died
 45922 | Vaults:3 | Reached XP level 21. HP: 99/184 MP: 37/37
 45953 | Vaults:3 | Reached skill level 10 in Dodging
 46129 | Vaults:3 | Gained Bogdan as an ally
 46310 | Vaults:3 | Your ally Bogdan died
 46364 | Vaults:3 | Got an uncursed bloodstained glaive {antimagic}
 47066 | Vaults:3 | Got a translucent chain mail
 47125 | Vaults:3 | Identified the +13 chain mail of Ettiv {*Corrode rElec SInv} (You found it on level 3 of the Vaults)
 47929 | Vaults:4 | Found Zuadas's Armour Boutique.
 48133 | Vaults:4 | Gained Hawl as an ally
 48133 | Vaults:4 | Gained Orbeogh as an ally
 48146 | Vaults:4 | Your ally Hawl died
 48708 | Vaults:5 | Entered Level 5 of the Vaults
 48740 | Vaults:5 | Noticed an ancient lich
 48885 | Vaults:5 | Reached XP level 22. HP: 70/192 MP: 26/38
 48963 | Vaults:5 | HP: 4/192 [yaktaur captain/bolt (6)]
 48976 | Vaults:5 | HP: 8/192 [yaktaur captain (2)]
 48992 | Vaults:5 | HP: 5/192 [storm dragon (shapeshifter)/bolt of lightning (2)]
 49145 | Vaults:5 | HP: 9/192 [yaktaur captain/bolt (6)]
 49169 | Vaults:5 | HP: 5/192 [yaktaur captain/arbalest (6)]
 49553 | Vaults:5 | Noticed a golden dragon
 49554 | Vaults:5 | Noticed Margery
 49560 | Vaults:4 | HP: 4/192 [iron dragon/spray of metal splinters (18)]
 49584 | Vaults:4 | HP: 6/192 [iron dragon (5)]
 50107 | Vaults:4 | Killed Margery
 50282 | Vaults:4 | Gained Wargrak as an ally
 51139 | Vaults:5 | Got a slimy platinum ring
 51141 | Vaults:5 | Identified the ring of the Immovable Queens {Dex+4 Stlth+} (You took it off a yaktaur captain on level 5 of the Vaults)
 51251 | Vaults:5 | Got a distressingly furry cloak
 51262 | Vaults:5 | Identified the +2 cloak of Action {+Fly rC+ Int+2} (You found it on level 5 of the Vaults)
 51264 | Vaults:5 | Got a polished long sword
 51361 | Vaults:5 | HP: 1/193 [hellion/damnation[an ancient lich] (12)]
 52058 | Vaults:5 | Reached XP level 23. HP: 145/199 MP: 31/39
 52148 | Vaults:5 | Gained Okrist as an ally
 52262 | Vaults:5 | Found Cyn Luxt's Magic Scroll Boutique.
 52355 | Vaults:5 | Was placed under penance by Beogh
 52429 | Vaults:5 | Got a silver rune of Zot
 52541 | Vaults:5 | Killed a golden dragon
 52832 | Depths:1 | Identified a paperback manual
 52832 | Depths:1 | Entered Level 1 of the Depths
 52902 | D:15     | Was forgiven by Beogh
 53334 | Depths:1 | Got a steaming ring mail
 53347 | Depths:1 | Identified the cursed +0 ring mail of Honour {Dex+4} (You found it on level 1 of the Depths)
 53520 | Depths:1 | Found Quodi's Gadget Shoppe.
 53520 | Depths:1 | Found Itivvas's Jewellery Boutique.
 53521 | Depths:1 | Found Affev's Jewellery Boutique.
 53527 | Depths:1 | HP: 6/200 [deep troll (5)]
 53538 | Depths:1 | HP: 8/200 [deep troll (8)]
 53540 | Depths:1 | Found a gateway to a ziggurat.
 53562 | Depths:1 | Hit by a large rock thrown by a stone giant

Vault maps used:
D:1:      dpeg_arrival_rooms_c, minivault_11, roderic_nine_men_s_morris
D:3:      marbit_many_paths, first_ration
D:4:      minmay_goblin_kobold_castle, lemuel_crystal_altar, uniq_eustachio,
          uniq_sigmund
D:5:      bloody_makhleb, minmay_temple_entry_enclosed_plants, serial_shops,
          shop
D:6:      chequers_temple_overflow_minitemple
D:7:      uniq_prince_ribbit1
D:8:      blue_anna_alchemist, uniq_psyche
D:9:      minmay_the_grid_4x2, serial_undead, serial_undead_e, serial_undead_a,
          serial_undead_d, serial_undead_a, serial_undead_e, serial_undead_b
D:10:     elyvilon_altar_3
D:11:     david_lair_generic
D:12:     minmay_orc_entry_temple_small, basic_altar, uniq_harold
D:13:     erik_vaults_1
D:14:     chequers_big_river, serial_shops, nicolae_shop_behind_doors,
          enter_bailey_8
D:15:     grunt_enter_depths_hoard, basic_altar, serial_shops,
          nicolae_shop_waterfront, lemuel_crystal_altar
Lair:1:   lemuel_ratsnest, minivault_19, minmay_hedge_maze, grunt_megastairs_2,
          uniq_fannar
Lair:2:   grunt_megastairs_5, minmay_lair_oklob_chamber, serial_bayou_shore_a
Lair:3:   st_stairs_11, beast_lair_carwin_1
Lair:4:   minmay_swamp_entry_worms, guppyfry_snake_entry_garden, st_stairs_8,
          infiniplex_staircase_pool_2, uniq_kirke
Lair:5:   slime_dummy, bobbens_ice_dragon_lair, serial_bayou_shore_b
Lair:6:   due_jungle_book, grunt_megastairs_3, lemuel_fruit_tree
Swamp:1:  hangedman_swamp_cone, uniq_nikola
Swamp:2:  evilmike_swamp_ruin_house_6
Swamp:3:  evilmike_swamp_ruin_house_1, swamp_pool5, lightli_tree_ring
Swamp:4:  swamp_basic_johnstein, swamp_pool4, uniq_bai_suzhen
Snake:1:  st_stairs_4, uniq_louise, uniq_aizul
Snake:2:  grunt_ministairs_1, spider_trap, serial_bayou_shore_b
Snake:3:  stair_cage_cross, spider_trap, grunt_megastairs_1
Snake:4:  snake_pit, nrook_guardian_serpent_ordinary, uniq_mara
Orc:1:    orc_temple
Orc:2:    grunt_orc_community_town_hall, grunt_orc_community_big_house_1,
          grunt_orc_community_big_house_2, grunt_orc_community_house_2,
          grunt_orc_community_house_1, grunt_orc_community_house_3,
          grunt_orc_community_house_2, grunt_orc_community_house_3,
          grunt_orc_community_house_2, nicolae_orc_lava_room
Vaults:1: nicolae_vaults_little_squares_4, hangedman_vaults_maws,
          vaults_room_pool, vaults_dpeg_hooks, ontoclasm_vaults_loading_screen,
          nicolae_vaults_little_squares_1
Vaults:2: v_alt_pattern_2, v_alt_pattern_5, nicolae_vaults_little_squares_6,
          blue_anna_dwarven_crypt, hangedman_vaults_restitches,
          hangedman_vaults_nails, grunt_vaults_hallway_short, v_misc_4,
          hangedman_vaults_stagger, v_misc_15, vaults_dpeg_spiral,
          vaults_room_pool, st_lattice, serial_shops, bzr_entry_islet, uniq_jory
Vaults:3: dpeg_vaults_monster_box, ontoclasm_vaults_gateway, st_greater_box_3,
          hangedman_vaults_locks, vaults_standard_mumra_enter_the_diamond,
          grunt_vaults_focal, hangedman_vaults_nails, hangedman_vaults_capsules,
          vaults_dpeg_doors, vaults_room_hallway, hangedman_vaults_impose
Vaults:4: nicolae_vaults_alarming, nicolae_vaults_network_barrier,
          vaults_room_corners, v_misc_9, vaults_room_pools, v_misc_10,
          v_misc_26, ontoclasm_vaults_shuriken, vaults_room_hallway,
          vaults_room_pools, hangedman_vaults_stretched_pinwheel, serial_shops,
          shop_statue
Vaults:5: serial_shops, uniq_margery
Depths:1: kennysheep_treasure_stockpile, enter_ziggurat_e, hell_entry, tgw_xom,
          minmay_shop_grove, uniq_asterion
Bazaar:   bazaar_short_row
Bailey:   bailey_polearm_flooded_kennysheep, bailey

Skill      XL: |  1  2  3  4  5  6  7  8  9 10 11 12 13 14 15 16 17 18 19 20 21 22 23 |
---------------+----------------------------------------------------------------------+-----
Fighting       | 4 7 8 9 13 14 | 14.2
Axes           | 5 7 14 15 | 15.7
Slings         | 1 2 3 4 5 8 11 12 | 12.0
Invocations    | 3 5 8 10 11 13 16 18 22 23 24 | 24.7
Armour         | 1 3 5 6 7 8 9 10 12 13 14 | 14.1
Shields        | 1 3 5 6 7 8 9 10 12 13 14 | 14.1
Dodging        | 3 5 6 9 11 13 | 13.9
Polearms       | 3 |  3.7
Maces & Flails | 6 13 | 13.9
Stealth        | |  1.5

Action                   |  1- 3 |  4- 6 |  7- 9 | 10-12 | 13-15 | 16-18 | 19-21 | 22-24 || total
-------------------------+-------+-------+-------+-------+-------+-------+-------+-------++-------
Melee: Hand axe          |    32 |       |       |       |       |       |       |       ||    32
       Hunting sling     |       |       |       |     2 |       |       |       |       ||     2
       Eveningstar       |       |       |       |       |   284 |  1273 |  1532 |   848 ||  3937
       Executioner's axe |       |       |       |       |    25 |       |       |       ||    25
 Fire: Hunting sling     |    48 |   125 |   377 |   794 |   778 |       |       |       ||  2122
Throw: Stone             |       |       |       |       |     4 |       |       |       ||     4
       Throwing net      |       |       |       |       |       |     1 |       |       ||     1
Invok: Convert to Beogh  |       |     1 |       |       |       |       |       |       ||     1
       Smiting           |       |     1 |     5 |    16 |    16 |    46 |     7 |    18 ||   109
       Recall Orcish Fol |       |       |       |     1 |    14 |     4 |     4 |     1 ||    24
       Give Item to Name |       |       |       |     1 |     2 |       |     3 |     1 ||     7
       Resurrection      |       |       |       |       |     1 |       |     2 |       ||     3
 Abil: Evoke Berserk Rag |       |       |       |       |     1 |     4 |     1 |       ||     6
Evoke: Wand              |       |       |       |       |     3 |    15 |       |     7 ||    25
  Use: Scroll            |     5 |    10 |       |    12 |    16 |    10 |    16 |    15 ||    84
       Potion            |       |       |       |       |     5 |     5 |     1 |    12 ||    23
 Stab: Sleeping          |     1 |       |       |       |       |       |       |       ||     1
       Distracted        |       |       |       |       |     3 |     3 |    24 |     2 ||    32
       Held in net/web   |       |       |       |       |       |     2 |       |       ||     2
       Paralysed         |       |       |       |       |       |       |    11 |    18 ||    29
       Petrifying        |       |       |       |       |       |       |     6 |     6 ||    12
       Petrified         |       |       |       |       |       |       |     6 |     3 ||     9
       Confused          |       |       |       |       |       |       |     1 |     6 ||     7
       Betrayed ally     |       |       |       |       |       |       |       |     1 ||     1
  Eat: Chunk             |       |     7 |    14 |    19 |    15 |     7 |    21 |       ||    83
       Ration            |       |       |       |       |     8 |    11 |     3 |     5 ||    27
Armor: Robe              |     5 |       |       |       |       |       |       |       ||     5
       Leather armour    |     3 |    28 |    50 |    28 |       |       |       |       ||   109
       Troll leather arm |       |       |       |    14 |       |       |       |       ||    14
       Plate armour      |       |       |       |    36 |   260 |   671 |    11 |       ||   978
       Skin              |       |       |       |       |    19 |       |       |       ||    19
       Gold dragon scale |       |       |       |       |       |       |   548 |   355 ||   903
Dodge: Dodged            |    30 |    31 |    64 |    88 |   112 |   277 |   256 |   279 ||  1137
Block: Shield            |       |    12 |    78 |   125 |   131 |       |       |       ||   346
       Large shield      |       |       |       |       |   420 |  1486 |  1586 |   994 ||  4486
       Reflection        |       |       |       |       |       |       |       |     7 ||     7

Table legend:
 A = Spawn XP
 B = Non-spawn XP
 C = Spawn XP percentage of total XP
 D = Spawn monster count
 E = Non-spawn monster count
 F = Spawn count percentage of total count
 G = Total turns spent on level
                    A         B        C        D         E        F      G
               +---------+---------+-------+---------+---------+-------+---------
         Total |       0 |  682471 |   0.0 |       0 |    1658 |   0.0 | 53562
               +---------+---------+-------+---------+---------+-------+---------
           D:1 |       0 |      33 |   0.0 |       0 |      14 |   0.0 |  1110
           D:2 |       0 |      89 |   0.0 |       0 |      27 |   0.0 |   890
           D:3 |       0 |     372 |   0.0 |       0 |      24 |   0.0 |  1298
           D:4 |       0 |    1119 |   0.0 |       0 |      58 |   0.0 |  1713
           D:5 |       0 |     190 |   0.0 |       0 |      13 |   0.0 |   537
           D:6 |       0 |    1244 |   0.0 |       0 |      22 |   0.0 |   999
           D:7 |       0 |     850 |   0.0 |       0 |      14 |   0.0 |  1128
           D:8 |       0 |    3341 |   0.0 |       0 |      47 |   0.0 |  1600
           D:9 |       0 |    6458 |   0.0 |       0 |      50 |   0.0 |  1611
          D:10 |       0 |    1693 |   0.0 |       0 |      24 |   0.0 |   650
          D:11 |       0 |    4294 |   0.0 |       0 |      23 |   0.0 |   955
          D:12 |       0 |    4698 |   0.0 |       0 |      23 |   0.0 |   981
          D:13 |       0 |    3881 |   0.0 |       0 |      18 |   0.0 |  1037
          D:14 |       0 |   11568 |   0.0 |       0 |      37 |   0.0 |   890
          D:15 |       0 |   22463 |   0.0 |       0 |      46 |   0.0 |   951
        Lair:1 |       0 |    2284 |   0.0 |       0 |      44 |   0.0 |  1057
        Lair:2 |       0 |    3611 |   0.0 |       0 |      19 |   0.0 |   983
        Lair:3 |       0 |    4158 |   0.0 |       0 |      26 |   0.0 |  1165
        Lair:4 |       0 |   11053 |   0.0 |       0 |      42 |   0.0 |  1405
        Lair:5 |       0 |    8774 |   0.0 |       0 |      41 |   0.0 |   989
        Lair:6 |       0 |   11286 |   0.0 |       0 |      35 |   0.0 |  1737
       Swamp:1 |       0 |   12437 |   0.0 |       0 |      36 |   0.0 |  1111
       Swamp:2 |       0 |   13040 |   0.0 |       0 |      35 |   0.0 |  1212
       Swamp:3 |       0 |    8787 |   0.0 |       0 |      37 |   0.0 |  1406
       Swamp:4 |       0 |   36501 |   0.0 |       0 |      51 |   0.0 |  2099
       Snake:1 |       0 |   12437 |   0.0 |       0 |      27 |   0.0 |  1451
       Snake:2 |       0 |   11976 |   0.0 |       0 |      42 |   0.0 |  1411
       Snake:3 |       0 |   16640 |   0.0 |       0 |      46 |   0.0 |  1604
       Snake:4 |       0 |   45408 |   0.0 |       0 |      92 |   0.0 |  2486
       Slime:1 |       0 |   12056 |   0.0 |       0 |      18 |   0.0 |  1759
       Slime:2 |       0 |    5898 |   0.0 |       0 |      10 |   0.0 |   162
       Slime:3 |       0 |    1362 |   0.0 |       0 |       6 |   0.0 |    16
         Orc:1 |       0 |    4497 |   0.0 |       0 |      37 |   0.0 |   898
         Orc:2 |       0 |    5370 |   0.0 |       0 |      39 |   0.0 |  1378
      Vaults:1 |       0 |   43921 |   0.0 |       0 |      84 |   0.0 |  1884
      Vaults:2 |       0 |   46625 |   0.0 |       0 |      79 |   0.0 |  2006
      Vaults:3 |       0 |   81453 |   0.0 |       0 |     115 |   0.0 |  2953
      Vaults:4 |       0 |   61615 |   0.0 |       0 |      91 |   0.0 |  2101
      Vaults:5 |       0 |  145051 |   0.0 |       0 |     132 |   0.0 |  3079
      Depths:1 |       0 |   12999 |   0.0 |       0 |      17 |   0.0 |   245
        Bailey |       0 |     939 |   0.0 |       0 |      17 |   0.0 |   497
               +---------+---------+-------+---------+---------+-------+---------
